[Event "*** Titled Tuesday Blitz"]
[Site "Chess.com"]
[Date "2020.11.03"]
[Round "6"]
[White "keepitcoming"]
[Black "JoachimMouhamad"]
[Result "0-1"]
[WhiteElo "2524"]
[BlackElo "2393"]
[TimeControl "180+1"]
[EndTime "11:10:24 PST"]
[Termination "JoachimMouhamad won by resignation"]

1. d4 Nf6 2. c4 g6 3. Nc3 d5 4.
cxd5 Nxd5 5. e4 Nxc3 6. bxc3 Bg7 7. Bc4 c5 8. Ne2 O-O 9. O-O Nc6 10. Be3 Na5 11.
Bd3 b6 12. Rb1 cxd4 13. cxd4 e6 14. f3 Bb7 15. Qd2 Rc8 16. Rfc1 Qd7 17. Bb5 Rxc1+ 18. Qxc1 Qe7 19. Bg5 Qd6 20. Bf4 Qe7 21. Bg5 Qd6 22. Bf4 e5 23. Bg3 Rc8 24. Qb2 Nc4 25. Bxc4 Rxc4 26.
dxe5 Qc5+ 27. Bf2 Qxe5 28. Qxe5 Bxe5 29. Rc1 Rxc1+ 30. Nxc1 Bd6 31. Kf1 f5 32. exf5 gxf5 33. h3 Kf7 34. Ke2 Ba6+ 35. Kd2 Bf1 36. g4 Bxh3 37.
gxf5 Bxf5 38. Nb3 h5 39. Nd4 Bd7 40. Bh4 Be7 41. Bg3 h4 42. Bh2 h3 43. Ke3 Bc5 44.
Ke4 a5 45. f4 b5 46. Nf3 Bc6+ 0-1

[Event "*** Titled Tuesday Blitz"]
[Site "Chess.com"]
[Date "2020.11.03"]
[Round "6"]
[White "MPGM"]
[Black "Flutaga"]
[Result "1-0"]
[WhiteElo "2453"]
[BlackElo "1999"]
[TimeControl "180+1"]
[EndTime "11:10:25 PST"]
[Termination "MPGM won on time"]

1. Nf3 Nf6 2. g3 b5 3. Bg2 Bb7 4. O-O e6 5. d4 Be7 6. a4 a6 7. Nbd2 O-O 8. c4 bxc4 9. Nxc4 d5 10. Na5 Bc8 11. Bd2 c5 12. dxc5 Bxc5 13. Rc1 Qb6 14. Nb3 Bb4 15. Be3 Qb7 16. Nc5 Qe7 17. Nd3 Bd6 18.
b4 Bd7 19. Bc5 Nc6 20. b5 axb5 21. axb5 Na5 22. b6 Rab8 23. Nfe5 Rfc8 24. Bxd6 Qxd6 25. Rxc8+ Bxc8 26. Qa4 Qxb6 27. Ra1 Nb3 28. Rb1 Ba6 29.
Nc1 Bc4 30. Nxc4 dxc4 31. Qxc4 Rd8 32. Nd3 Nd5 33. Rxb3 Qa5 34. Bxd5 exd5 35. Qb5 Qa1+ 36. Kg2 1-0

[Event "*** Titled Tuesday Blitz"]
[Site "Chess.com"]
[Date "2020.11.03"]
[Round "6"]
[White "Nara_Kh"]
[Black "RobPeresian"]
[Result "1-0"]
[WhiteElo "2350"]
[BlackElo "2448"]
[TimeControl "180+1"]
[EndTime "11:10:25 PST"]
[Termination "Nara_Kh won by resignation"]

1. e4 e5 2. Nf3 Nc6 3. Bb5 a6 4. Ba4 Nf6 5. O-O Be7 6. d3 b5 7. Bb3 d6 8. h3 Na5 9. a4 Nxb3 10.
cxb3 Rb8 11. Nc3 O-O 12. Re1 Re8 13. d4 Nd7 14. Nd5 Bf8 15. Bg5 f6 16. Bh4 c6 17.
Ne3 Qc7 18. b4 g6 19. Qb3+ Kg7 20. Rac1 Qb6 21. a5 Qb7 22. dxe5 Nxe5 23. Nd4 Bd7 24. f4 Nf7 25. Ng4 Be7 26. Ne6+ Bxe6 27. Qxe6 g5 28.
fxg5 fxg5 29. Bf2 Ne5 30. Qh6+ Kg8 31. Bd4 Bd8 32. Rf1 Qg7 33. Qxd6 Bc7 34. Nf6+ Kh8 35. Nxe8 Bxd6 36. Nxg7 Kxg7 37. Rxc6 Kg8 38. Rxd6 Nc4 39. Rd7 1-0

[Event "*** Titled Tuesday Blitz"]
[Site "Chess.com"]
[Date "2020.11.03"]
[Round "6"]
[White "Anton_Demchenko"]
[Black "sokidze"]
[Result "1-0"]
[WhiteElo "2836"]
[BlackElo "2535"]
[TimeControl "180+1"]
[EndTime "11:10:27 PST"]
[Termination "Anton_Demchenko won on time"]

1. e4 c6 2. d4 d5 3. Nc3 dxe4 4. Nxe4 Bf5 5. Ng3 Bg6 6. h4 h6 7. Nh3 Nf6 8. c3 Nbd7 9. Nf4 Bh7 10. Bd3 Bxd3 11. Nxd3 e6 12. Nh5 Nxh5 13. Qxh5 Nf6 14. Qf3 Qd5 15. Qxd5 exd5 16. h5 Bd6 17. f3 Bg3+ 18.
Kf1 Bd6 19. g4 O-O-O 20. Kf2 Rde8 21. Bd2 Nd7 22. Rae1 Kd8 23. Rxe8+ Rxe8 24. Rg1 Nf6 25. a4 b6 26. b4 Nh7 27. g5 Nxg5 28. Bxg5+ hxg5 29. Rxg5 Ke7 30. f4 Kf6 31. Ne5 c5 32. b5 cxd4 33.
cxd4 Rc8 34. Ng4+ Ke6 35. f5+ Ke7 36. Rxg7 Rh8 37. h6 Bf4 38. h7 Kf8 39. f6 Bd6 40. Ne5 Bxe5 41. dxe5 Ke8 42. Ke2 Kf8 43. Kd3 1-0

[Event "*** Titled Tuesday Blitz"]
[Site "Chess.com"]
[Date "2020.11.03"]
[Round "6"]
[White "marabu44"]
[Black "sboshaon21"]
[Result "1-0"]
[WhiteElo "2256"]
[BlackElo "2025"]
[TimeControl "180+1"]
[EndTime "11:10:27 PST"]
[Termination "marabu44 won on time"]

1. Nf3 Nf6 2. b3 e6 3. Bb2 d5 4. e3 Bd6 5. Nc3 a6 6. Ne2 O-O 7. Ng3 c5 8. Bd3 Nc6 9. O-O e5 10. e4 d4 11. a3 b5 12. Re1 h6 13. Nf5 Bxf5 14. exf5 Re8 15. Be4 Nxe4 16. Rxe4 Qf6 17.
g4 Ne7 18. d3 Nd5 19. Qd2 Nf4 20. Kh1 g6 21. fxg6 fxg6 22. b4 c4 23. dxc4 bxc4 24.
Qe1 c3 25. Bc1 Nh3 26. Kg2 Ng5 27. Bxg5 hxg5 28. Qe2 Kg7 29. Re1 Rf8 30. Nxe5 Bxe5 31. Rxe5 Ra7 32. Re6 Qf4 33. Qe5+ Qxe5 34. R6xe5 Raf7 35. Re7 Kh6 36. Rxf7 Rxf7 37. Rd1 Rf4 38. Kg3 Kg7 39.
f3 Kf6 40. Rd3 Ke5 41. a4 1-0

[Event "*** Titled Tuesday Blitz"]
[Site "Chess.com"]
[Date "2020.11.03"]
[Round "6"]
[White "Grandmaster1369"]
[Black "PawnEatingZombie"]
[Result "1-0"]
[WhiteElo "2296"]
[BlackElo "2152"]
[TimeControl "180+1"]
[EndTime "11:10:27 PST"]
[Termination "Grandmaster1369 won on time"]

1. e4 c6 2. d4 d5 3. exd5 cxd5 4. c4 Nf6 5. Nc3 g6 6. cxd5 Bg7 7. Bc4 O-O 8. Nge2 Nbd7 9. Bb3 Nb6 10. Nf4 Bf5 11. O-O g5 12. Nh5 Nxh5 13. Qxh5 h6 14. h4 Bg6 15.
Qg4 f5 16. Qg3 Qd6 17. Qxd6 exd6 18. hxg5 hxg5 19. Bxg5 Bxd4 20. Nb5 Bxb2 21. Rab1 Bg7 22. Nc7 Rac8 23. Ne6 Rfe8 24. Bf4 Be5 25. Bxe5 dxe5 26. Rfd1 Bf7 27. Ng5 Red8 28. a4 Nc4 29. Nxf7 Kxf7 30. Bxc4 Rxc4 31. Rxb7+ Kf6 32. Rxa7 Rd6 33. a5 Ra4 34. f3 e4 35. fxe4 fxe4 36. Kf2 Ke5 37. Re7+ Kf6 38. Ra7 Ke5 39. Ra8 Ra2+ 40. Ke3 Ra3+ 41.
Ke2 Ra2+ 42. Ke1 e3 43. Re8+ Kf4 44. Rf8+ Kg3 45. Rf3+ Kxg2 46. Rxe3 Rxa5 47. Red3 Rc5 48. Ke2 Rc2+ 49. Ke3 Rc4 50. Rd4 1-0

[Event "*** Titled Tuesday Blitz"]
[Site "Chess.com"]
[Date "2020.11.03"]
[Round "6"]
[White "PSvidler"]
[Black "tdf98pantani"]
[Result "1/2-1/2"]
[WhiteElo "2898"]
[BlackElo "2718"]
[TimeControl "180+1"]
[EndTime "11:10:28 PST"]
[Termination "Game drawn by repetition"]

1. e4 c6 2. d3 d5 3. Nd2 e5 4. Ngf3 Bd6 5. d4 exd4 6. exd5 cxd5 7. Bb5+ Nc6 8. O-O Ne7 9. Nxd4 O-O 10. N2f3 Bg4 11.
Be2 Re8 12. h3 Bh5 13. c3 Bc7 14. Be3 a6 15. Re1 Qd6 16. g3 Qd7 17. Kg2 Bg6 18. Bd3 Be4 19. Nxc6 Qxc6 20. Bxe4 dxe4 21. Nd4 Qd7 22.
Qg4 f5 23. Qe2 Nd5 24. f4 exf3+ 25. Qxf3 Nxe3+ 26. Rxe3 Rxe3 27. Qxe3 Re8 28. Qf3 Bb6 29.
Rd1 g6 30. Rd3 Re4 31. Ne2 Qe6 32. Nf4 Qxa2 33. Rd2 Qc4 34. Nd5 Bd8 35. Ne3 Qc7 36.
Nxf5 gxf5 37. Qxf5 Re5 38. Rxd8+ Qxd8 39. Qxe5 Qd2+ 40.
Kf3 Qxb2 41. Qe7 Qb3 42. Qd8+ Kg7 43. Qd4+ Kg8 44. Qd8+ Kg7 45. Qd4+ Kg8 46. Qd8+ 1/2-1/2

[Event "*** Titled Tuesday Blitz"]
[Site "Chess.com"]
[Date "2020.11.03"]
[Round "6"]
[White "Sanan_Sjugirov"]
[Black "redbaron8888"]
[Result "1-0"]
[WhiteElo "2847"]
[BlackElo "2548"]
[TimeControl "180+1"]
[EndTime "11:10:28 PST"]
[Termination "Sanan_Sjugirov won by checkmate"]

1. d4 Nf6 2. c4 e6 3. Nf3 Bb4+ 4. Nbd2 O-O 5. e3 b6 6. Bd3 Bb7 7. O-O d5 8. a3 Bd6 9. b4 c5 10. dxc5 bxc5 11. b5 Nbd7 12. Bb2 Re8 13. Qc2 h6 14. h3 Qc7 15. a4 a6 16. Rfc1 axb5 17. axb5 Rxa1 18. Rxa1 Ra8 19. Rxa8+ Bxa8 20. Qa4 Bb7 21.
Bc3 Nb6 22. Qa7 Nc8 23. Qa1 Ne8 24. e4 d4 25. Ba5 Qb8 26. Nb3 Qa8 27. Nfd2 Qa7 28.
Qa3 g5 29. e5 Bf8 30. Ne4 Qb8 31. Nexc5 Qxe5 32. Bb4 Bxg2 33. Kxg2 Bd6 34. Qa8 Qh2+ 35. Kf1 Qxh3+ 36. Qg2 Qh5 37. Be2 Qg6 38. Qe4 Qf6 39. Bd3 Bg3 40. Qh7+ Kf8 41. Nd7# 1-0

[Event "*** Titled Tuesday Blitz"]
[Site "Chess.com"]
[Date "2020.11.03"]
[Round "6"]
[White "Eliwood44"]
[Black "Jungle_Jaguar"]
[Result "0-1"]
[WhiteElo "2443"]
[BlackElo "2622"]
[TimeControl "180+1"]
[EndTime "11:10:28 PST"]
[Termination "Jungle_Jaguar won by checkmate"]

1. d4 Nf6 2. Nf3 g6 3. Nc3 d5 4. Bf4 Bg7 5. Nb5 Na6 6. h3 O-O 7. e3 c6 8. Nc3 Nc7 9. Bd3 Ne6 10. Be5 c5 11. O-O b6 12. a4 Bb7 13. a5 c4 14. Be2 bxa5 15. Ra3 Ne4 16. Nxe4 dxe4 17. Nd2 Bxe5 18. dxe5 Qc7 19. Nxc4 Ba6 20. Nxa5 Bxe2 21. Qxe2 Qxe5 22. c4 Ng5 23. b4 Rac8 24. b5 Qf6 25. Nc6 Nf3+ 26. Kh1 Ne5 27. Nxe5 Qxe5 28. Rxa7 Qc3 29.
Ra4 Rfd8 30. b6 Qb3 31. Ra7 Qxb6 32. Rxe7 Qc6 33. c5 Kf8 34. Re5 f6 35. f4 fxe5 36. fxe5+ Kg7 37. Rf6 Qxc5 38. Qa6 Rd1+ 39. Kh2 Qxe5+ 40.
g3 Qxf6 41. Qxc8 Qf2# 0-1

[Event "*** Titled Tuesday Blitz"]
[Site "Chess.com"]
[Date "2020.11.03"]
[Round "6"]
[White "dosto07"]
[Black "TrickyFortem"]
[Result "0-1"]
[WhiteElo "2352"]
[BlackElo "2547"]
[TimeControl "180+1"]
[EndTime "11:10:29 PST"]
[Termination "TrickyFortem won on time"]

1. e4 c5 2. Nf3 d6 3. Bb5+ Nd7 4. c3 Nf6 5. Bd3 g6 6. O-O Bg7 7. Bc2 c4 8. Qe2 b5 9. a4 b4 10. cxb4 Qc7 11. Nc3 O-O 12. a5 Rb8 13. b5 Bb7 14.
Ra4 Rfc8 15. Bb1 Ng4 16. Ba2 Nge5 17. Nxe5 Nxe5 18. f4 Nd3 19. Rxc4 Nxc1 20. Rxc1 Qxa5 21. b4 Qb6+ 22. Qf2 Rxc4 23. Qxb6 axb6 24. Bxc4 Bxc3 25. Rxc3 Bxe4 26. Ra3 Kg7 27. Ra7 Kf6 28. d3 Bb7 29. Kf2 d5 30. Bb3 d4 31. Bd1 e6 32. g4 Bd5 33.
Bf3 Rd8 34. g5+ Kg7 35. Ra6 Rd6 36. Bxd5 exd5 37. Kf3 h6 38. h4 h5 39. Ra7 Kf8 40. Rc7 Ke8 41. f5 Kf8 42. Kf4 gxf5 43. Rc6 Re6 44.
Kxf5 Re3 45. Rxb6 Rxd3 46. Rd6 Rb3 47. Rxd5 Rxb4 48. Kf6 Ke8 49. Re5+ Kf8 50. Rc5 Ke8 0-1

[Event "*** Titled Tuesday Blitz"]
[Site "Chess.com"]
[Date "2020.11.03"]
[Round "6"]
[White "Dr-Bassem"]
[Black "Hikaru"]
[Result "0-1"]
[WhiteElo "2800"]
[BlackElo "3218"]
[TimeControl "180+1"]
[EndTime "11:10:30 PST"]
[Termination "Hikaru won on time"]

1. e4 c5 2. Nf3 d6 3. g3 e5 4. Bg2 g6 5. O-O Bg7 6. c3 Nc6 7. d3 Nge7 8. a3 O-O 9. b4 b6 10.
Nbd2 h6 11. Bb2 Be6 12. Rb1 Rc8 13. Nc4 Qd7 14. b5 Nd8 15. a4 Nb7 16. Re1 f5 17.
exf5 gxf5 18. Nh4 Rcd8 19. Nd2 Bf6 20. c4 Bxh4 21. gxh4 Ng6 22. Qf3 Rf7 23. Nf1 Rg7 24. Ng3 Nxh4 25. Qxb7 Qxb7 26. Bxb7 Rxb7 27. f4 Nf3+ 28.
Kf2 Nxe1 29. Rxe1 Kf7 30. Nh5 Kg6 31. Ng3 Bf7 32. Ne2 Kh7 33. Rg1 Rg8 34. Rxg8 Kxg8 35.
fxe5 dxe5 36. Bxe5 Bh5 37. Nf4 Bd1 38. Ke3 Bxa4 39.
Kd2 Rd7 40. Nd5 Kf7 41. Nc3 Bb3 42. Ke3 Re7 43. Kf4 Bc2 44. Nd5 Re8 45. Nc7 Rg8 0-1

[Event "*** Titled Tuesday Blitz"]
[Site "Chess.com"]
[Date "2020.11.03"]
[Round "6"]
[White "WPWPWP-2015"]
[Black "Witik"]
[Result "1-0"]
[WhiteElo "2495"]
[BlackElo "2620"]
[TimeControl "180+1"]
[EndTime "11:10:30 PST"]
[Termination "WPWPWP-2015 won by resignation"]

1. e4 c5 2. Nf3 Nc6 3. Bb5 e6 4.
b3 Nge7 5. Bb2 a6 6. Bxc6 Nxc6 7. O-O b5 8. c4 Bb7 9. Na3 Qb6 10. d3 Be7 11.
Bxg7 Rg8 12. Bh6 f5 13. Re1 O-O-O 14. cxb5 axb5 15. Nc2 Rg6 16. Be3 Rdg8 17. g3 Bf6 18. b4 Bxa1 19. Bxc5 Qc7 20. Qxa1 f4 21. e5 fxg3 22.
hxg3 h5 23. a4 h4 24. Nxh4 Rg4 25. Kf1 d6 26. Bxd6 Qh7 27. Qc3 Rxh4 28. gxh4 Qxh4 29.
Ke2 Kd7 30. axb5 Rg2 31. bxc6+ Bxc6 32. Qc5 Qg4+ 33. Kd2 Qf4+ 34. Kc3 Qxf2 35. Qxf2 Rxf2 36. Ra1 Bd5 37. Ra7+ Kc6 38. Rc7+ Kb6 39. Bc5+ Kxc7 40. Bxf2 1-0

[Event "*** Titled Tuesday Blitz"]
[Site "Chess.com"]
[Date "2020.11.03"]
[Round "6"]
[White "MarkoPe"]
[Black "davigator"]
[Result "0-1"]
[WhiteElo "2224"]
[BlackElo "2369"]
[TimeControl "180+1"]
[EndTime "11:10:30 PST"]
[Termination "davigator won on time"]

1. c4 e5 2. g3 c6 3. Bg2 Nf6 4. d4 Bb4+ 5. Nc3 e4 6. Bg5 d5 7. e3 Nbd7 8. Ne2 h6 9. Bxf6 Nxf6 10. Qa4 Bxc3+ 11. Nxc3 O-O 12. O-O a6 13. Rac1 Bg4 14. Qb4 b5 15. cxd5 cxd5 16. a4 bxa4 17. Nxa4 Be2 18. Rfe1 Bb5 19. Nc5 Rb8 20. Qa3 Re8 21.
Rc3 Bc4 22. Rec1 Qd6 23. b3 Bb5 24. Qa5 Rb6 25. Na4 Rbb8 26. Rc7 Qa3 27. Bf1 Qxb3 28. Nc5 Qb2 29. Nxa6 Bxa6 30. Qxa6 Ra8 31. Qe2 Qa3 32. Rb7 Qxc1 33. Qb5 Ra1 34. Rb6 Rf8 35. Rb7 Ng4 36. h3 Nf6 37. g4 Qd1 38. Rc7 Rb1 39. Qa6 Qe1 0-1

[Event "*** Titled Tuesday Blitz"]
[Site "Chess.com"]
[Date "2020.11.03"]
[Round "6"]
[White "Ranindu2003"]
[Black "ClydeHillKid"]
[Result "1-0"]
[WhiteElo "2572"]
[BlackElo "2353"]
[TimeControl "180+1"]
[EndTime "11:10:32 PST"]
[Termination "Ranindu2003 won on time"]

1. e4 e6 2. d4 d5 3. Nd2 Nf6 4. e5 Nfd7 5. Bd3 c5 6. c3 Nc6 7. Ngf3 Qb6 8. O-O cxd4 9. cxd4 Nxd4 10. Nxd4 Qxd4 11. Nf3 Qb6 12. a3 Nc5 13. Bc2 Bd7 14.
Re1 Be7 15. b4 Na6 16. Be3 Qd8 17. Nd4 Rc8 18. Bd3 Nb8 19. b5 a6 20. a4 g6 21. Qe2 O-O 22. Kh1 Bg5 23. f4 Bh4 24. g3 Be7 25. g4 Bb4 26. Rf1 Qh4 27. Rab1 a5 28. Rg1 Rc7 29. Nf3 Qe7 30. f5 Rfc8 31. f6 Qf8 32. Rgd1 Rc3 33. Qg2 Bc5 34. Bf4 Bb6 35. Qh3 Be8 36. Ng5 h6 37. Nf3 Ra3 38. Bxh6 Qc5 39. Bf4 Qc3 40. Ng5 Qxd3 41. Qh7+ 1-0

[Event "*** Titled Tuesday Blitz"]
[Site "Chess.com"]
[Date "2020.11.03"]
[Round "6"]
[White "zmeeed67"]
[Black "Rital44"]
[Result "1-0"]
[WhiteElo "2364"]
[BlackElo "2456"]
[TimeControl "180+1"]
[EndTime "11:10:33 PST"]
[Termination "zmeeed67 won by resignation"]

1. e4 e5 2. Nf3 Nc6 3. c3 d5 4. Qa4 f6 5. d3 Ne7 6. Be2 Bd7 7. Qc2 Be6 8. b4 g5 9. a3 g4 10. Nfd2 h5 11. Nf1 Ng6 12. b5 Nce7 13. a4 h4 14. c4 d4 15. Na3 Nf4 16. Bxf4 exf4 17. f3 Ng6 18. fxg4 h3 19. g3 Bb4+ 20. Kf2 f3 21.
Bxf3 Ne5 22. Qe2 Qd7 23. Nc2 Bc3 24. Rb1 O-O-O 25. Nd2 Rdf8 26. Rhf1 Nxf3 27. Nxf3 Bxg4 28. Kg1 Rfg8 29. Qf2 Qd6 30. Ncxd4 Ba5 31. Nf5 Bxf5 32. c5 Qxd3 33. exf5 Qxf5 34. Kh1 Bc3 35. Rbc1 Be5 36.
Nxe5 Qxe5 37. Qxf6 Qe4+ 38. Qf3 Qxa4 39. b6 axb6 40.
cxb6 c6 41. Qf5+ Kd8 42. Rcd1+ Ke7 43. Rfe1+ 1-0

[Event "*** Titled Tuesday Blitz"]
[Site "Chess.com"]
[Date "2020.11.03"]
[Round "6"]
[White "fabianvivasz"]
[Black "AntonovaNadezhda"]
[Result "1-0"]
[WhiteElo "2372"]
[BlackElo "2125"]
[TimeControl "180+1"]
[EndTime "11:10:33 PST"]
[Termination "fabianvivasz won by checkmate"]

1. e4 d6 2. d4 Nf6 3. Nc3 e5 4. Nf3 Nbd7 5. Bc4 Be7 6. O-O O-O 7. h3 c6 8. a4 b6 9. Re1 a6 10. Bb3 Bb7 11. dxe5 dxe5 12. Be3 b5 13. axb5 axb5 14. Rxa8 Bxa8 15. Nh4 Nxe4 16. Nxe4 Bxh4 17. Qg4 Kh8 18.
Nd6 Kg8 19. Nxf7 Rxf7 20. Rd1 Qe8 21. Rxd7 Be7 22. Qe6 c5 23. Rxe7 Qxe7 24. Qxe7 c4 25. Qe8+ Rf8 26. Qe6+ Kh8 27. Bc5 Rg8 28. Ba2 Be4 29.
Qxe5 Bg6 30. Bd4 h6 31. b3 Kh7 32. bxc4 bxc4 33. Bxc4 Re8 34. Qxg7# 1-0

[Event "*** Titled Tuesday Blitz"]
[Site "Chess.com"]
[Date "2020.11.03"]
[Round "6"]
[White "Fischerev7"]
[Black "pavelalexandru07"]
[Result "0-1"]
[WhiteElo "2404"]
[BlackElo "2316"]
[TimeControl "180+1"]
[EndTime "11:10:34 PST"]
[Termination "pavelalexandru07 won by checkmate"]

1. e4 c5 2. Nf3 d6 3. d4 cxd4 4.
Nxd4 Nf6 5. Nc3 a6 6. Be3 e5 7.
Nb3 Be6 8. f3 h5 9. Qd2 Nbd7 10.
O-O-O Be7 11. Kb1 Rc8 12. Nd5 Bxd5 13. exd5 Nb6 14. Bxb6 Qxb6 15. Bd3 g6 16. Be4 Nd7 17. f4 f5 18. Bf3 e4 19. Be2 Bf6 20. h3 h4 21.
Rhg1 Kf7 22. g3 hxg3 23. Rxg3 Rh4 24. Rdg1 Rg8 25. c3 a5 26. Nc1 Rxh3 27. R3g2 Bxc3 28. Qc2 Bf6 29. Nb3 a4 30. Nd2 a3 31. Nc4 Qc5 32.
b3 b5 33. Na5 Rc3 34. Qd2 e3 35. Qd1 Nb6 36. Bf3 Na4 37. Nb7 Qb6 38. bxa4 bxa4+ 39. Ka1 Rc1# 0-1

[Event "*** Titled Tuesday Blitz"]
[Site "Chess.com"]
[Date "2020.11.03"]
[Round "6"]
[White "chito89"]
[Black "Beca95"]
[Result "0-1"]
[WhiteElo "2783"]
[BlackElo "2957"]
[TimeControl "180+1"]
[EndTime "11:10:35 PST"]
[Termination "Beca95 won on time"]

1. c4 e5 2. Nc3 Bb4 3. Nf3 Bxc3 4.
bxc3 d6 5. g3 f5 6. Bg2 Qe7 7.
O-O Nf6 8. Rb1 Nc6 9. d3 O-O 10. Bg5 h6 11. Bxf6 Qxf6 12. Nd2 Kh8 13. Qa4 Nd8 14.
c5 dxc5 15. Qa3 c6 16. Qxc5 b6 17. Qa3 Bb7 18. Nc4 Nf7 19. Na5 Rfb8 20. Nxb7 Rxb7 21. Qa4 Rc8 22. f4 Re7 23. e4 exf4 24. Rxf4 Qxc3 25. exf5 Qf6 26. Re4 Rxe4 27. Qxe4 c5 28. Re1 Rd8 29. h3 Ng5 30. Qe7 Rxd3 31. h4 Nf3+ 32. Bxf3 Rxf3 33. Qxf6 gxf6 34. Re8+ Kg7 35.
Re7+ Kf8 36. Rxa7 Rxg3+ 37. Kf2 Rg4 38. Rb7 Rxh4 39. Rxb6 Rf4+ 40. Ke3 Rxf5 41. a4 Kg7 42. a5 c4 43. a6 Ra5 44. Kd4 Ra4 45. Kc5 h5 46.
Kb5 Ra1 47. Kxc4 Kg6 48. Kb5 h4 49. Rc6 Kg5 50. Kb6 h3 51. Rc3 h2 0-1

[Event "*** Titled Tuesday Blitz"]
[Site "Chess.com"]
[Date "2020.11.03"]
[Round "6"]
[White "Iskusnyh"]
[Black "Atousa1"]
[Result "1/2-1/2"]
[WhiteElo "2576"]
[BlackElo "2424"]
[TimeControl "180+1"]
[EndTime "11:10:36 PST"]
[Termination "Game drawn by repetition"]

1. d4 Nf6 2. c4 e6 3. g3 d5 4.
Nf3 Be7 5. Bg2 O-O 6. O-O dxc4 7. Qa4 a6 8. Qxc4 b5 9. Qc2 Bb7 10. Bd2 Be4 11. Qc1 Bb7 12. Rd1 Nbd7 13. Ba5 Rc8 14. Nbd2 Qe8 15. b4 Bd6 16. Nb3 e5 17. Nxe5 Bxg2 18. Nxd7 Nxd7 19. Kxg2 Qxe2 20. Qe3 Rfe8 21.
Qxe2 Rxe2 22. Nc5 Nf6 23. Kf3 Rce8 24. Nxa6 Nd5 25. Nc5 g5 26. h3 h5 27. Nd3 Nc3 28.
Rdc1 Nxa2 29. Rc6 Rd2 30. Ne5 Rxd4 31. Rxa2 Bxe5 32. Bxc7 Bxc7 33. Rxc7 Rxb4 34. Raa7 Rf8 35. Rc5 g4+ 36. Kg2 gxh3+ 37. Kxh3 Rb2 38. Rg5+ Kh7 39. Rxh5+ Kg6 40. Rc5 Rxf2 41. Ra6+ Rf6 42. Rxf6+ Kxf6 43. Rxb5 Kg6 44. Kg4 f6 45. Rb6 Re8 46. Rb4 Re5 47.
Ra4 Rg5+ 48. Kf3 Rf5+ 49. Rf4 Re5 50. Re4 Rf5+ 51. Rf4 Re5 52. Re4 Rf5+ 53. Rf4 1/2-1/2

[Event "*** Titled Tuesday Blitz"]
[Site "Chess.com"]
[Date "2020.11.03"]
[Round "6"]
[White "Firouzja2003"]
[Black "AlexOstrovskiy"]
[Result "1-0"]
[WhiteElo "3060"]
[BlackElo "2796"]
[TimeControl "180+1"]
[EndTime "11:10:37 PST"]
[Termination "Firouzja2003 won by resignation"]

1. g3 d5 2. Bg2 e5 3. e3 c6 4.
Ne2 Bd6 5. d4 e4 6. c4 Ne7 7.
Nbc3 a6 8. Qb3 b5 9. cxd5 cxd5 10.
O-O Be6 11. f3 b4 12. Na4 O-O 13. Nc5 exf3 14. Nxe6 fxe6 15. Rxf3 Rxf3 16. Bxf3 Nbc6 17. Bd2 Qd7 18. Qd3 a5 19. Rc1 Qb7 20. Bg4 Nd8 21.
Nf4 Bxf4 22. exf4 Rc8 23. Re1 Rc6 24. f5 exf5 25. Bxf5 Nxf5 26. Qxf5 Qf7 27. Qg5 Rd6 28. Bf4 Rd7 29. Qe5 h6 30. Qb8 Kh7 31. Qb5 Ne6 32.
Rf1 Nxf4 33. Rxf4 Qe6 34. Qd3+ Qg6 35. Qf5 Qxf5 36. Rxf5 Kg6 37. Re5 Kf6 38. Kg2 a4 39. Kf3 Rc7 40. Rxd5 Rc2 41. Ra5 Rxb2 42. Rxa4 b3 43.
axb3 Rxb3+ 44. Ke4 Rb6 45. d5 h5 46. Kd4 g5 47.
Kc5 Rb1 48. d6 Rc1+ 49. Rc4 Ra1 50. Rd4 Rc1+ 51. Kb6 Rb1+ 52. Kc7 Rc1+ 53. Kd8 Kf5 54. d7 h4 55. gxh4 gxh4 56. Rxh4 1-0

[Event "*** Titled Tuesday Blitz"]
[Site "Chess.com"]
[Date "2020.11.03"]
[Round "6"]
[White "doons21"]
[Black "RobertoJBM"]
[Result "0-1"]
[WhiteElo "2591"]
[BlackElo "2801"]
[TimeControl "180+1"]
[EndTime "11:10:37 PST"]
[Termination "RobertoJBM won by resignation"]

1. e4 c6 2. d3 d5 3. Nd2 g6 4. Ngf3 Bg7 5. g3 e5 6. Bg2 Ne7 7. O-O O-O 8. Re1 d4 9. Nc4 b5 10. Ncxe5 f6 11. Nxc6 Nbxc6 12. e5 fxe5 13. Ng5 h6 14.
Ne4 Bf5 15. a4 b4 16. h4 Qd7 17. Nc5 Qd6 18. Nb7 Qc7 19. Nc5 Rae8 20. h5 g5 21. Bd2 a5 22. c3 Qb6 23. Qb3+ Kh7 24. cxb4 Nxb4 25. Rac1 Rc8 26. Ne4 Be6 27. Qa3 Ned5 28. Bxg5 hxg5 29. Nxg5+ Kh8 30. Rxc8 Rxc8 31. Re4 Bg8 32. h6 Bf6 33. h7 Bxh7 34. Nxh7 Kxh7 35. Qb3 Rc1+ 36. Kh2 Qe6 37. Bh3 Rh1+ 38. Kxh1 Qxh3+ 39. Kg1 Kg6 40. Qd1 Qf5 41. Kg2 Kf7 42. Rg4 Nxd3 43. f4 Ne3+ 0-1

[Event "*** Titled Tuesday Blitz"]
[Site "Chess.com"]
[Date "2020.11.03"]
[Round "6"]
[White "ChristopherYoo"]
[Black "frederiksvane"]
[Result "1/2-1/2"]
[WhiteElo "2850"]
[BlackElo "2638"]
[TimeControl "180+1"]
[EndTime "11:10:39 PST"]
[Termination "Game drawn by repetition"]

1. Nf3 Nf6 2. c4 e6 3. Nc3 d5 4.
d4 Be7 5. Bf4 O-O 6. e3 Nbd7 7.
Be2 dxc4 8. O-O c5 9. dxc5 Nxc5 10. Bxc4 Bd7 11. Qe2 Qb6 12. Ne5 Rfd8 13. a3 Be8 14.
Rfd1 Rxd1+ 15. Rxd1 Rd8 16. Rxd8 Qxd8 17. Qc2 Nh5 18. Bg3 Nxg3 19. hxg3 Bf6 20. Nf3 Bc6 21. b4 Bxc3 22. Qxc3 Qd1+ 23. Qe1 Bxf3 24. Qxd1 Bxd1 25. bxc5 Kf8 26. Kf1 Ke7 27. Ke1 Ba4 28. Kd2 Bc6 29.
f3 e5 30. e4 f6 31. Bd5 Kd7 32. Kc3 g5 33. g4 h6 34. Kb4 Kc7 35. a4 Bd7 36. a5 a6 37. Bc4 Bc6 38. g3 Bd7 39.
Kc3 Bc6 40. Kb3 Bd7 41. Kb4 Bc6 42. Bd3 Bd7 43. Be2 Bc6 44. Kc3 Bb5 45. Bc4 Bc6 46. Bd5 Bb5 47. Bc4 Bc6 1/2-1/2

[Event "*** Titled Tuesday Blitz"]
[Site "Chess.com"]
[Date "2020.11.03"]
[Round "6"]
[White "ChessLover0108"]
[Black "elohunter1999"]
[Result "0-1"]
[WhiteElo "2819"]
[BlackElo "2526"]
[TimeControl "180+1"]
[EndTime "11:10:40 PST"]
[Termination "elohunter1999 won by checkmate"]

1. d4 d5 2. c4 c6 3. Nc3 Nf6 4. e3 Bf5 5. cxd5 cxd5 6. Qb3 Nc6 7. Qxb7 Bd7 8. Qb3 Rb8 9. Qd1 e5 10. dxe5 Nxe5 11. Nf3 Nxf3+ 12. Qxf3 Bd6 13. h3 O-O 14. Bd3 Re8 15. O-O Qc7 16. Nxd5 Nxd5 17. Qxd5 Bc6 18. Qc4 Rb4 19. Qc2 Re6 20. f3 Rh4 21. Bd2 Bh2+ 22.
Kh1 Reh6 23. Bf5 g6 24. e4 gxf5 25. Bxh6 Rxh6 26. Rac1 Qg3 27. Qd2 Rg6 28. exf5 Rd6 29. Qe2 Qe5 30. Qxe5 Bxe5 31. f4 Bxb2 32. Kh2 Bxc1 33.
Rxc1 Kg7 34. g4 Rd2+ 35. Kg3 Bd5 36. Rc7 Rxa2 37. Kh4 Ra3 38. Rd7 Bg2 39. Kg5 h6+ 40. Kh5 Rxh3# 0-1

[Event "*** Titled Tuesday Blitz"]
[Site "Chess.com"]
[Date "2020.11.03"]
[Round "6"]
[White "Skatchkov_V"]
[Black "Meri-Arabidze"]
[Result "0-1"]
[WhiteElo "2489"]
[BlackElo "2661"]
[TimeControl "180+1"]
[EndTime "11:10:41 PST"]
[Termination "Meri-Arabidze won by resignation"]

1. d4 d5 2. c4 e6 3. Nc3 Nf6 4. e3 Nbd7 5. Nf3 a6 6. b3 c5 7. Bb2 cxd4 8. exd4 Bd6 9. Bd3 O-O 10. O-O b6 11. Re1 dxc4 12. bxc4 Bb7 13. Rc1 Qc7 14.
h3 Bf4 15. Rc2 Rfd8 16. d5 Nf8 17. Ne4 Nxe4 18. Bxe4 exd5 19. cxd5 Qd7 20. Qd4 f6 21. Qxb6 Rab8 22. Qd4 Bh6 23. Rd1 Qd6 24. Nh4 Qf4 25.
Nf5 Re8 26. Nxh6+ Qxh6 27. Bf3 Nd7 28. Bg4 Ne5 29. Be6+ Kh8 30. Qe3 Qg6 31. Rc7 Ba8 32.
Bxe5 Rxe6 33. Qa7 Rbe8 34. Bg3 Re1+ 35. Rxe1 Rxe1+ 36. Kh2 Bxd5 37. Qxa6 h6 38. Qa4 Qf5 39. Qf4 Rh1+ 40. Kxh1 Qxh3+ 0-1

[Event "*** Titled Tuesday Blitz"]
[Site "Chess.com"]
[Date "2020.11.03"]
[Round "6"]
[White "Gabrielian_Artur"]
[Black "rasmussvane"]
[Result "1-0"]
[WhiteElo "2799"]
[BlackElo "2929"]
[TimeControl "180+1"]
[EndTime "11:10:42 PST"]
[Termination "Gabrielian_Artur won on time"]

1. e4 c6 2. d4 d5 3. Nd2 dxe4 4. Nxe4 Nf6 5. Nxf6+ exf6 6. c3 Bd6 7. Bd3 O-O 8. Qc2 Re8+ 9. Ne2 h5 10. O-O h4 11. h3 Nd7 12. Bd2 Nf8 13. Rad1 Be6 14. c4 Rc8 15. Rfe1 Bb8 16. Bf4 Bxf4 17. Nxf4 Qd6 18.
Qc1 g6 19. c5 Qc7 20. Re4 Bxa2 21. Qe3 Qd7 22. Re1 Rxe4 23. Qxe4 Rd8 24. Ne2 Ne6 25. Qxh4 Kg7 26. Qg3 Nxd4 27. Nf4 Kf8 28. Bxg6 fxg6 29. Nxg6+ Kf7 30. Nf4 Rg8 31. Qd3 Rg5 32. Rd1 Rxc5 33.
Qh7+ Ke8 34. Qh8+ Ke7 35. Ng6+ Ke6 36. Nf8+ Ke7 37. Nxd7 Ne6 38. Nxf6 Rd5 39. Nxd5+ Bxd5 40. Re1 Kd6 41. Qe5+ 1-0